 Dungeon Crawl Stone Soup version 0.30-a0-122-g2a1322497e (webtiles) character file.

Game seed: 10672342156077164936

81009 Flugkiller the Stormcaller (level 15, -33/110 HPs)
             Began as a Mummy Air Elementalist on Sept 16, 2022.
             Was a High Priest of Uskayaw.
             Killed from afar by an orc sorcerer (66 damage)
             ... with a bolt of fire
             ... led by an orc high priest
             ... on level 2 of the Orcish Mines.
             The game lasted 00:57:44 (27879 turns).

Flugkiller the Stormcaller (MuAE)                  Turns: 27879, Time: 00:57:45

Health: -33/110    AC: 11    Str: 19 (20) XL:     15   Next: 25%
Magic:  15/29      EV: 21    Int: 20      God:    Uskayaw [*****.]
Gold:   2219       SH:  0    Dex: 21      Spells: 18/34 levels left

rFire   x . .      SeeInvis .    C - +2 short sword (distort)
rCold   + . .      Faith    +    (no shield)
rNeg    + + +      Spirit   .    s - +0 troll leather armour
rPois   ∞          Reflect  .    l - +2 helmet
rElec   .          Harm     .    h - +0 cloak
rCorr   .          Rampage  .    (no gloves)
Will    +....                    j - +2 pair of boots
Stlth   ++........               E - amulet "Qivainnea" {RegenMP +Inv}
HPRegen 1.08/turn                o - +4 ring of evasion
MPRegen 0.61/turn                O - ring of Diczeufa {Str+9 Dex+6}

@: studying 2 skills
A: cold resistance 1, negative energy resistance 3, torment resistance 2, heat
vulnerability 1, in touch with death 2, no potions, faith
a: Renounce Religion, Evoke Invisibility, Stomp, Line Pass, Grand Finale


You were on level 2 of the Orcish Mines.
You worshipped Uskayaw.
Uskayaw was noncommittal.
You visited 3 branches of the dungeon, and saw 21 of its levels.
You also visited: Ice Cave and Volcano.

You collected 2219 gold pieces.

Inventory:

Hand Weapons
 C - a +2 short sword of distortion (weapon)
   (You took it off Sonja on level 13 of the Dungeon)
Missiles
 G - 22 curare-tipped darts
Armour
 f - a +2 robe of willpower
   (You took it off Jorgrun on level 12 of the Dungeon)
 h - a +0 cloak (worn)
   (You found it on level 8 of the Dungeon)
 j - a +2 pair of boots (worn)
   (You found it on level 3 of the Dungeon)
 l - a +2 helmet (worn)
   (You found it on level 2 of the Dungeon)
 s - a +0 troll leather armour (worn)
   (You found it on level 11 of the Dungeon)
 M - a +2 kite shield of cold resistance
   (You found it in an ice cave)
Magical Staves
 n - a staff of fire
   (You found it on level 11 of the Dungeon)
Jewellery
 i - a ring of see invisible
   (You found it on level 9 of the Dungeon)
 o - a +4 ring of evasion (left hand)
   (You found it on level 4 of the Dungeon)
 p - a +4 ring of protection
   (You found it on level 2 of the Lair of Beasts)
 w - a ring of wizardry
   (You found it on level 2 of the Dungeon)
 D - the ring "Cikkeirch" {rPois rF+ rCorr Int-5 Slay+3}
   (You found it on level 1 of the Lair of Beasts)

   [ring of resist corrosion]

   Int:       It affects your intelligence (-5).
   Slay:      It affects your accuracy & damage with ranged weapons and melee
   (+3).
   rF:        It protects you from fire.
   rPois:     It protects you from poison.
   rCorr:     It protects you from acid and corrosion.
 E - the amulet "Qivainnea" (around neck) {RegenMP +Inv}
   (You acquired it on level 2 of the Lair of Beasts)

   [amulet of magic regeneration]

   It increases your rate of magic regeneration.
   +Inv:      It lets you turn invisible.
 O - the ring of Diczeufa (right hand) {Str+9 Dex+6}
   (You found it on level 1 of the Orcish Mines)

   [ring of dexterity]

   Str:       It affects your strength (+9).
   Dex:       It affects your dexterity (+6).
Wands
 d - a wand of digging (1)
   (You found it on level 3 of the Dungeon)
 y - a wand of iceblast (1)
   (You found it on level 1 of the Lair of Beasts)
 B - a wand of charming (5)
   (You took it off Sonja on level 13 of the Dungeon)
 H - a wand of polymorph (5)
   (You found it on level 5 of the Lair of Beasts)
 K - a wand of acid (11)
   (You took it off an efreet on level 14 of the Dungeon)
Scrolls
 a - 3 scrolls of vulnerability
 b - a scroll of enchant weapon
 c - 4 scrolls of magic mapping
 e - 6 scrolls of fear
 g - 2 scrolls of immolation
 k - 3 scrolls of amnesia
 m - a scroll of torment
 q - 3 scrolls of butterflies
 r - 18 scrolls of identify
 t - 2 scrolls of teleportation
 z - 4 scrolls of blinking
 A - a scroll of summoning
 F - 2 scrolls of acquirement
Miscellaneous
 I - a phial of floods
   (You found it on level 5 of the Lair of Beasts)
 J - a condenser vane (inert)
   (You found it on level 14 of the Dungeon)


   Skills:
 - Level 8.0 Fighting
 - Level 5.0 Short Blades
 + Level 8.0 Dodging
 - Level 1.5 Stealth
 - Level 10.0 Spellcasting
 - Level 2.1 Conjurations
 - Level 10.1 Summonings
 - Level 3.0 Translocations
 + Level 15.4 Air Magic
 + Level 4.7 Evocations


You had 18 spell levels left.
You knew the following spells:

 Your Spells              Type           Power      Damage    Failure   Level
a - Shock                 Conj/Air       100%       1d9       1%          1
b - Static Discharge      Conj/Air       90%        3-9/arc   1%          2
c - Airstrike             Air            32%        2d(5-21)  1%          4
d - Summon Lightning Spi  Summ/Air       57%        N/A       1%          4
r - Blink                 Tloc           44%        N/A       3%          2
w - Swiftness             Air            64%        N/A       1%          3

Your spell library contained the following spells:

 Spells                   Type           Power      Damage    Failure   Level
 Summon Small Mammal      Summ           100%       N/A       1%          1
 Call Imp                 Summ           50%        N/A       1%          2
 Poisonous Vapours        Pois/Air       80%        N/A       1%          2
 Call Canine Familiar     Summ           50%        N/A       1%          3
 Mephitic Cloud           Conj/Pois/Air  33%        N/A       2%          3
 Magic Dart               Conj           72%        1d6       3%          1
 Summon Guardian Golem    Hex/Summ       30%        N/A       3%          3
 Lesser Beckoning         Tloc           22%        N/A       7%          3
 Freeze                   Ice            40%        1d6       9%          1
 Sandblast                Erth           20%        2d7       9%          1
 Sting                    Tmut/Pois      40%        1d5       9%          1
 Ensorcelled Hibernation  Hex/Ice        20%        N/A       12%         2
 Passwall                 Tmut/Erth      8%         N/A       12%         2
 Portal Projectile        Hex/Tloc       32%        N/A       13%         3
 Stone Arrow              Conj/Erth      28%        3d8       16%         3
 Frozen Ramparts          Ice            20%        1d4       24%         3
 Ignite Poison            Fire/Tmut/Pois 10%        N/A       24%         3
 Manifold Assault         Tloc           22%        N/A       24%         4
 Hailstorm                Conj/Ice       14%        3d5       47%         4
 Sticky Flame             Conj/Fire      14%        2d4       47%         4
 Leda's Liquefaction      Hex/Erth       5%         N/A       63%         4
 Olgreb's Toxic Radiance  Pois           10%        N/A       63%         4
 Maxwell's Capacitive Co  Air            32%        ∞         67%         8
 Alistair's Intoxication  Tmut/Pois      6%         N/A       92%         5
 Borgnjor's Vile Clutch   Necr/Erth      11%        N/A       92%         5
 Eringya's Noxious Bog    Tmut/Pois      5%         N/A       100%        6
 Ozocubu's Refrigeration  Ice            5%         4d8       100%        7
 Ignition                 Fire           5%         3d4       100%        8
 Chain Lightning          Conj/Air       22%        3d30      100%        9
 Storm Form               Tmut/Air       Unusable   N/A       N/A         7

Dungeon Overview and Level Annotations

Branches:
Dungeon (14/15) Zot: 25604  Temple (0/1) D:5            Lair (5/5) D:8 Zot: 24035
 Shoals (0/4) Lair:2       Spider (0/4) Lair:2        Slime (0/5) Lair:5
    Orc (2/2) D:12 Zot: 11227  Vaults (0/5) D:13          IceCv (visited)
Volcano (visited)
    Elf: Orc:2

Altars:
Cheibriados
Dithmenos
Gozag
Hepliaklqana
Kikubaaqudgha
Nemelex Xobeh
Sif Muna
Uskayaw
Vehumet
Xom
Yredelemnul
Jiyva

Portals:
Trove: D:10 (give +3 shadow dragon scales)

Annotations:
D:5 2 runed translucent doors, exclusion: hornet, nono's ghost, amateur KoFi
D:7 Joseph
D:8 exclusion: oklob plant, Pikel
D:10 1 runed translucent door, p0werm0de's ghost, novice OpCj
D:11 Harold
D:12 2 transporters, Flippered's ghost, journeyman TrHW


Innate Abilities, Weirdness & Mutations

You are immune to poison.
Your flesh is cold resistant. (rC+)
You are immune to negative energy. (rN+++)
You are immune to unholy pain and torment.
You are vulnerable to heat. (rF-)
You are strongly in touch with the powers of death.
You do not drink.
You have a special connection with the divine. (Faith)


Message History

The orc sorcerer gestures wildly while chanting.
The warg howls!
You hear a shout!
Unknown command.
Casting: Airstrike (safe; 1% risk of failure)
Confirm with . or Enter, or press ? or * to list all spells.
The neqoxec is struck by an arc of lightning.
The neqoxec is lightly wounded.
The chaos spawn is struck by an arc of lightning!
The chaos spawn is moderately wounded.
The lightning grounds out.
The ogre is struck by an arc of lightning.
The ogre is moderately wounded.
You are struck by an arc of lightning.
The neqoxec is struck by an arc of lightning!
The neqoxec is moderately wounded.
The lightning grounds out.
You hear a shout! x2
The warg is no longer sharing its pain.
The ogre is no longer sharing its pain.
The orc warrior is no longer sharing its pain.
The warg is struck by lightning.
You kill the warg!
The orc is struck by lightning.
You kill the orc!
The orc high priest is struck by lightning.
The orc high priest hits you from afar with a +0 glaive.
The neqoxec closely misses you. The ogre hits you with a +0 giant club.
The orc wizard is struck by lightning.
The chaos spawn is struck by lightning.
The orc sorcerer mumbles some strange words.
You can now merge with and destroy a victim.
Casting: Static Discharge (safe; 1% risk of failure)
Confirm with . or Enter, or press ? or * to list all spells.
The neqoxec is struck by an arc of lightning.
The neqoxec is heavily wounded.
You are struck by an arc of lightning.
The chaos spawn is struck by an arc of lightning.
The chaos spawn is severely wounded.
You are struck by an arc of lightning.
The ogre is struck by an arc of lightning!
The ogre is heavily wounded.
The lightning grounds out.
The chaos spawn is struck by an arc of lightning!
You kill the chaos spawn!
The chaos spawn degenerates into a cloud of primal chaos!
The neqoxec is struck by an arc of lightning!
The neqoxec is severely wounded.
You are struck by an arc of lightning.
The ogre is struck by an arc of lightning!
The ogre is almost dead.
You are struck by an arc of lightning.
The lightning grounds out.
The ogre is struck by an arc of lightning.
You kill the ogre!
You are struck by an arc of lightning.
The lightning grounds out.
The warg is struck by lightning.
The orc high priest closely misses you. The neqoxec hits you!
The smoke demon gestures at you. Something smites you!
* * * LOW HITPOINT WARNING * * *
The orc wizard is struck by lightning.
You kill the orc wizard!
An orc comes into view. It is wielding a +0 short sword.
Blink to where?
Press: ? - help, Dir - move target
As you read the scroll of blinking, it crumbles to dust.
The orc warrior throws a boomerang of dispersal.
The boomerang of dispersal hits you.
* * * LOW HITPOINT WARNING * * *
You blink.
The orc high priest is struck by lightning.
Uskayaw prepares the audience for your solo!
Unknown command.
Unknown command.
Aiming: Iceblast
Press: ? - help, Shift-Dir - straight line, f - orc warrior
Aim: an orc warrior, wielding a +0 war axe, wearing a +0 plate armour and quivering boomerangs of dispersal (paralysed)
The mass of ice explodes!
The iceblast engulfs the orc warrior!
The orc warrior is moderately wounded.
The iceblast engulfs the orc high priest!
The orc high priest is severely wounded.
You hear a shout! x3
The orc high priest is no longer paralysed.
The orc high priest mumbles some strange prayers to Beogh.
Aiming: Iceblast
Press: ? - help, Shift-Dir - straight line, f/p - orc warrior
Aim: an orc warrior, wielding a +0 war axe, wearing a +0 plate armour and quivering boomerangs of dispersal (moderately wounded, paralysed)
The mass of ice explodes!
The iceblast engulfs the orc warrior!
You kill the orc warrior!
The iceblast engulfs the orc high priest!
The orc high priest is almost dead.
You hear a shout!
The smoke demon is no longer paralysed.
The ice devil is no longer paralysed.
The warg is no longer paralysed.
The orc sorcerer is no longer paralysed.
The sun demon is struck by lightning.
The orc high priest is struck by lightning.
You kill the orc high priest!
The sun demon disappears in a puff of smoke!
The orc sorcerer gestures at you while chanting.
The bolt of fire hits you!!! The fire burns you terribly!
Ouch! That really hurt!
You die...

.....<.......##
..............##
.............#.##
.......§§§§.....##
..o...3§§§§§§....##
....§..##§§§§$....#.
.....o§#$.§§<)......
....§§§)...)).....##
..).§§h§...@.#.####
....§§3#....####
......#....##
..o...##.## ##


You could see a smoke demon (summoned), a warg and an orc sorcerer.

Vanquished Creatures
  Jorgrun (D:12)
  A very ugly thing (D:14)
  Nessos (Lair:3)
  5 hydras
  2 catoblepae
  4 boulder beetles
  A centaur warrior (D:14)
  An alligator (Lair:5)
  3 two-headed ogres
  7 death yaks
  An orc high priest (Orc:2)
  A deep troll shaman (Lair:5)
  Sonja (D:13)
  A deep elf knight (D:14)
  A fire crab (Lair:3)
  Lodul (D:11)
  An orc sorcerer (Orc:2)
  A cyclops (D:14)
  4 manticores
  16 elephants
  An ice statue (IceCv)
  A torpor snail (Lair:5)
  5 black mambas
  4 cane toads
  2 rime drakes
  Maggie (D:7)
  2 unseen horrors
  A troll (Orc:1)
  5 komodo dragons
  A hornet (D:8)
  11 polar bears
  2 meliai (D:13)
  14 blink frogs
  4 slime creatures
  A dream sheep (Lair:5)
  3 vampires
  A snapping turtle (Lair:2)
  An orc simulacrum (Orc:1)
  3 wyverns
  2 wraiths
  A shadow (D:11)
  23 yaks
  5 basilisks
  2 steam dragons
  6 vampire mosquitoes (D:12)
  2 wargs
  13 water moccasins
  A spectral troll (Orc:1)
  8 orc warriors
  6 black bears
  13 wolves
  10 ogres
  13 centaurs
  2 kobold brigands
  3 lemures
  2 phantoms
  13 bullfrogs
  2 necrophages (D:4)
  6 scorpions
  13 wights
  An oklob sapling (D:8)
  3 howler monkeys (D:8)
  An electric eel (Lair:2)
  5 hounds
  3 jellies
  10 orc priests
  3 iguanas (D:4)
  Natasha (D:4)
  15 orc wizards
  A troll simulacrum (Orc:1)
  7 adders
  8 gnolls
  An ogre simulacrum (Orc:1)
  A shadow imp (D:5)
  A worm (D:5)
  3 dart slugs
  37 orcs
  7 bats
  4 endoplasms
  6 giant cockroaches
  11 goblins
  5 hobgoblins
  11 jackals
  7 kobolds
  4 quokkas
  13 ball pythons
  11 frilled lizards
  7 rats
450 creatures vanquished.

Vanquished Creatures (collateral kills)
  The ghost of Zgarb the Brawler, a journeyman TrCA of Ignis (Orc:1)
  A hydra (D:14)
  An ice dragon (D:13)
  2 vault guards
  A centaur warrior (D:14)
  2 ironbound frosthearts (IceCv)
  3 catoblepae
  5 death yaks
  2 boulder beetles
  A skeletal warrior (D:14)
  A wizard (D:14)
  A deep elf pyromancer (D:14)
  3 manticores
  A black mamba (Lair:5)
  3 elephants
  A torpor snail (Lair:4)
  An efreet (D:14)
  A rime drake (Lair:4)
  A komodo dragon (D:8)
  6 polar bears
  3 trolls
  A meliai (D:13)
  3 slime creatures (D:14)
  4 yaks (IceCv)
  2 basilisks
  3 water moccasins
  An acid dragon (D:10)
  An orc warrior (Orc:1)
  An ice beast (D:5)
  6 wolves
  2 centaurs
  3 ogres (D:11)
  A phantom (D:6)
  A bullfrog (Lair:4)
  3 wights (D:6)
  A spectral ogre (Orc:1)
  4 orc wizards
  6 orcs
  A kobold (D:11)
85 creatures vanquished.

Vanquished Creatures (others)
  57 fungi
  88 plants
145 creatures vanquished.

Grand Total: 680 creatures vanquished

Notes
Turn   | Place    | Note
-------+----------+-------------------------------------------
     0 | D:1      | Flugkiller the Mummy Air Elementalist began the quest for
                  | the Orb.
     0 | D:1      | Reached XP level 1. HP: 13/13 MP: 4/4
   188 | D:1      | Reached skill level 1 in Conjurations
   299 | D:1      | Reached XP level 2. HP: 19/19 MP: 0/6
  1144 | D:2      | Gained mutation: You are in touch with the powers of death.
                  | [Mummy growth]
  1144 | D:2      | Reached XP level 3. HP: 24/24 MP: 1/7
  1392 | D:2      | Learned a level 2 spell: Static Discharge
  1717 | D:2      | Reached skill level 3 in Air Magic
  2076 | D:3      | Found a shadowy altar of Dithmenos.
  2076 | D:3      | Found a basalt altar of Yredelemnul.
  2086 | D:3      | Reached XP level 4. HP: 26/30 MP: 1/9
  2399 | D:3      | Noticed a black bear
  2412 | D:3      | Learned a level 3 spell: Swiftness
  2432 | D:3      | Learned a level 4 spell: Summon Lightning Spire
  2798 | D:3      | Reached XP level 5. HP: 29/35 MP: 3/11
  2916 | D:3      | Found a snail-covered altar of Cheibriados.
  3093 | D:3      | Found a hide-covered altar of Uskayaw.
  3158 | D:3      | Became a worshipper of Uskayaw the Reveller
  3465 | D:3      | Found an opulent altar of Gozag.
  3481 | D:3      | Reached * piety under Uskayaw
  3753 | D:3      | Reached ** piety under Uskayaw
  3779 | D:3      | Found a hazy altar of Hepliaklqana.
  3838 | D:3      | Killed a black bear
  3838 | D:3      | Reached *** piety under Uskayaw
  3839 | D:3      | Reached skill level 1 in Summonings
  3839 | D:3      | Reached skill level 4 in Air Magic
  4035 | D:4      | Noticed a phantom
  4040 | D:4      | Killed a phantom
  4041 | D:4      | Reached XP level 6. HP: 30/41 MP: 3/13
  4200 | D:4      | Reached skill level 5 in Spellcasting
  4552 | D:4      | Identified the +0 mace of the Shrike {drain, rF+}
  4736 | D:4      | Reached XP level 7. HP: 43/46 MP: 5/14
  4771 | D:4      | Reached skill level 5 in Air Magic
  5030 | D:4      | Noticed Natasha
  5116 | D:4      | Killed Natasha
  5188 | D:5      | Entered Level 5 of the Dungeon
  5214 | D:5      | Found a staircase to the Ecumenical Temple.
  5311 | D:5      | Found a runed translucent door.
  5371 | D:5      | Noticed nono's ghost (amateur KoFi)
  5432 | D:5      | Noticed a hornet
  5461 | D:5      | Reached **** piety under Uskayaw
  5462 | D:5      | Reached skill level 6 in Air Magic
  5631 | D:5      | Reached XP level 8. HP: 35/52 MP: 10/15
  5831 | D:5      | Reached skill level 7 in Air Magic
  6039 | D:5      | Found a runed translucent door.
  6580 | D:6      | Reached skill level 5 in Summonings
  6918 | D:6      | Learned a level 4 spell: Airstrike
  6994 | D:6      | Found a radiant altar of Vehumet.
  7013 | D:6      | Reached XP level 9. HP: 57/57 MP: 3/16
  7339 | D:6      | Found a shimmering blue altar of Sif Muna.
  7339 | D:6      | Found a shimmering altar of Xom.
  7340 | D:6      | Found an ancient bone altar of Kikubaaqudgha.
  7860 | D:7      | Noticed Maggie
  7864 | D:7      | Killed Maggie
  8368 | D:7      | Noticed Joseph
  8808 | D:7      | Found a sparkling altar of Nemelex Xobeh.
  9536 | D:8      | Reached ***** piety under Uskayaw
  9673 | D:8      | Noticed an oklob plant
  9761 | D:8      | Reached XP level 10. HP: 52/63 MP: 6/17
 10508 | D:8      | Found a staircase to the Lair.
 10511 | D:8      | Reached skill level 10 in Summonings
 10943 | D:8      | Reached skill level 1 in Fighting
 11253 | D:8      | Noticed Pikel
 12312 | D:9      | Identified the +9 mace of Fuzzy Subterfuge {freeze, Str+4
                  | Int+3}
 12881 | D:10     | Entered Level 10 of the Dungeon
 13237 | D:10     | Noticed a vault guard
 13276 | D:10     | Killed a vault guard
 13277 | D:10     | Reached skill level 8 in Air Magic
 13459 | D:10     | Reached XP level 11. HP: 78/78 MP: 5/18
 13785 | D:10     | Identified the +2 leather armour of Ru's Regard {Will-
                  | Int+3 SInv}
 13979 | D:10     | Found a portal to a secret trove of treasure.
 14011 | D:10     | You fall into a shaft and drop 3 floors!
 14034 | D:13     | Noticed Sonja
 14047 | D:13     | Killed Sonja
 14066 | D:13     | Noticed a boulder beetle
 14311 | D:13     | Killed a boulder beetle
 14312 | D:13     | Reached skill level 5 in Fighting
 14427 | D:12     | Reached skill level 1 in Short Blades
 14727 | D:12     | Noticed a two-headed ogre
 14791 | D:12     | Reached skill level 5 in Dodging
 15093 | D:12     | Found a transporter.
 15097 | D:12     | Noticed Flippered's ghost (journeyman TrHW)
 15113 | D:12     | Found a transporter.
 15114 | D:12     | Noticed Jorgrun
 15163 | D:12     | Killed Jorgrun
 15164 | D:12     | Reached skill level 9 in Air Magic
 15479 | D:11     | Noticed Lodul
 15480 | D:11     | ffs
 15486 | D:11     | Killed Lodul
 15920 | D:11     | Noticed a boulder beetle
 15937 | D:11     | Banished a boulder beetle
 15938 | D:11     | Reached skill level 5 in Short Blades
 16311 | D:11     | Reached XP level 12. HP: 55/86 MP: 11/19
 16321 | D:11     | Noticed Harold
 16759 | D:10     | Found a runed translucent door.
 16759 | D:10     | Found a shimmering altar of Xom.
 16759 | D:10     | Noticed p0werm0de's ghost (novice OpCj)
 16939 | D:11     | Reached skill level 10 in Air Magic
 17353 | Lair:1   | Entered Level 1 of the Lair of Beasts
 17717 | Lair:1   | Identified the ring "Cikkeirch" {rPois rF+ rCorr Int-5
                  | Slay+3}
 17719 | Lair:1   | eh
 18444 | Lair:2   | Identified a scroll of acquirement
 18445 | Lair:2   | Acquired the amulet "Qivainnea" {RegenMP +Inv}
 18893 | Lair:2   | Found a dark tunnel.
 18898 | Volcano  | Entered a volcano
 19077 | Lair:2   | Found a hole to the Spider Nest.
 19104 | Lair:2   | Found a staircase to the Shoals.
 19469 | Lair:3   | Noticed a catoblepas
 19469 | Lair:3   | Noticed a catoblepas
 19571 | Lair:3   | Reached skill level 11 in Air Magic
 19789 | Lair:3   | Killed a catoblepas
 19837 | Lair:3   | Killed a catoblepas
 19881 | Lair:3   | Noticed Nessos
 19935 | Lair:3   | Reached skill level 10 in Spellcasting
 20207 | Lair:3   | Killed Nessos
 20328 | Lair:3   | Noticed a catoblepas
 20337 | Lair:3   | Killed a catoblepas
 20338 | Lair:3   | Gained mutation: You are strongly in touch with the powers
                  | of death. [Mummy growth]
 20338 | Lair:3   | Reached XP level 13. HP: 89/91 MP: 18/27
 20470 | Lair:4   | Reached skill level 12 in Air Magic
 21477 | Lair:5   | Entered Level 5 of the Lair of Beasts
 21586 | Lair:5   | Learned a level 2 spell: Blink
 21659 | Lair:5   | Reached skill level 1 in Translocations
 21694 | Lair:5   | Found a viscous altar of Jiyva.
 21695 | Lair:5   | Found a staircase to the Slime Pits.
 22176 | Lair:5   | Identified the +3 ring mail of the Doldrums {-Tele rPois
                  | rCorr Str+3}
 22296 | Lair:5   | Reached XP level 14. HP: 67/105 MP: 23/28
 22418 | Lair:5   | Reached skill level 13 in Air Magic
 23332 | Lair:5   | Identified the +5 plate armour of Kiniz Hete {rPois Str-3
                  | Dex+4}
 23780 | D:12     | Found a staircase to the Orcish Mines.
 23843 | D:12     | Found a shimmering blue altar of Sif Muna.
 24428 | D:13     | Reached skill level 14 in Air Magic
 24758 | D:13     | Found a gate to the Vaults.
 25043 | D:14     | Noticed a purple very ugly thing
 25059 | D:14     | Killed a purple very ugly thing
 25295 | D:14     | Reached skill level 1 in Evocations
 26047 | D:14     | Reached skill level 15 in Air Magic
 26248 | Orc:1    | Entered Level 1 of the Orcish Mines
 26467 | Orc:1    | Found a frozen archway.
 26486 | IceCv    | Entered an ice cave
 26633 | IceCv    | Reached XP level 15. HP: 108/110 MP: 19/29
 26644 | IceCv    | Reached ****** piety under Uskayaw
 26984 | IceCv    | Got The Lost Secrets of Magic
 27449 | Orc:1    | Found a runed translucent gate.
 27449 | Orc:1    | Found a runed translucent gate.
 27449 | Orc:1    | Found a runed translucent gate.
 27455 | Orc:1    | Noticed Zgarb's ghost (journeyman TrCA)
 27750 | Orc:1    | Killed Zgarb's ghost
 27820 | Orc:1    | Identified the ring of Diczeufa {Str+9 Dex+6}
 27866 | Orc:2    | Entered Level 2 of the Orcish Mines
 27879 | Orc:2    | Killed from afar by an orc sorcerer

Illustrated notes ## #.####.# #...@# #O.........# ...O..........# ....O.........# .O..O.........# ...O.....###... ......|.## #.. O.......# .. Turn 15480 on D:11: ffs

...... .. ...... ...##
### #......
...#P###.######.......
......................
......................
......................
..............@.......
.##.....####.####.###
##....## ### #.....#
##....###
###....#.###########
.....................
.....................
....................^


Turn 17719 on Lair:1: eh

Levels and vault maps discovered:
D:1:      dpeg_arrival_rooms_with_view, layout_rooms, minmay_lizard_king
D:2:      layout_rooms, grunt_ministairs_13, cheibrodos_gnoll_hut
D:3:      kb_forest_paths, layout_basic,
          pdpol_temple_overflow_zin_treasury_gozag_greed,
          nicolae_uskayaw_murder_on_the_dancefloor, amcnicky_altar_gilded,
          mainiacjoe_overflow_tiny_flanked, worldfamousw_hep_ancestral_shrine,
          grunt_dithmenos_smoke
D:4:      layout_gridville, uniq_natasha
D:5:      layout_rooms, nicolae_elyvilon_peaceful_grove, temple_pool_b,
          ebering_ghost_sewer_f, cheibrodos_sewer_entry_bend,
          serial_co_window_serial, co_window_paths_a, co_window_paths_a,
          co_window_of_opportunity_a, co_window_corner_a, co_window_paths_a,
          co_window_paths_a, co_window_cross_1, co_window_unsneaky_path_a,
          co_window_unsneaky_path_e, co_window_cross_3, glass_columns_a,
          glass_columns_c
D:6:      layout_gridville, kennysheep_little_box,
          gammafunk_temple_overflow_claw
D:7:      layout_layer_cave, nemelex_spade_bored_becter, chequers_garden,
          uniq_joseph, uniq_maggie
D:8:      layout_loops_corners, due_lair_maze_entry_diamond,
          introduction_to_nature_2, uniq_pikel
D:9:      layout_cave_pools
D:10:     layout_layer_cave, enter_trove_5, ebering_ghost_xom
D:11:     layout_big_octagon, nrook_mini_backslash, uniq_harold, uniq_lodul
D:12:     layout_loops_cross, orc_0_dummy, gammafunk_ghost_stat_death,
          kennysheep_orc_sif_temple, uniq_jorgrun
D:13:     layout_irregular_city, david_vaults_4, uniq_sonja
D:14:     minmay_crescents, layout_basic, roderic_roman_lattice
Lair:1:   layout_long_grid
Lair:2:   layout_regular_city, minmay_shoals_entry_hut, dummy_spider_entry,
          enter_volcano_4
Lair:3:   nzn_motion_control, layout_chaotic_city,
          grunt_forest_small_clearing_treed, grunt_megastairs_3, uniq_nessos
Lair:4:   layout_cave_pods
Lair:5:   grunt_lair_end_beastmaster, layout_regular_city,
          minmay_slime_entry_pillars, minmay_shattered_shrine
Orc:1:    layout_caves, basic_altar, gammafunk_ghost_necromancy,
          portal_ice_cave_entry_pillars_2
Orc:2:    pf_orc_diabolical, layout_caves

Skill      XL: |  1  2  3  4  5  6  7  8  9 10 11 12 13 14 15 |
---------------+----------------------------------------------+-----
Conjurations   | 1 2 |  2.1
Spellcasting   | 3 4 5 10 | 10.0
Air Magic      | 3 4 6 7 8 9 11 12 15 | 15.4
Summonings     | 1 2 3 6 9 10 | 10.1
Fighting       | 4 5 8 |  8.0
Dodging        | 4 5 7 8 |  8.0
Short Blades   | 5 |  5.0
Translocations | 3 |  3.0
Evocations     | 3 4 |  4.7
Stealth        | |  1.5

Action                   |  1- 3 |  4- 6 |  7- 9 | 10-12 | 13-15 || total
-------------------------+-------+-------+-------+-------+-------++-------
Melee: Unarmed           |    14 |       |       |       |       ||    14
       Morningstar       |       |    25 |       |       |       ||    25
       Short sword       |       |    16 |    78 |   204 |   319 ||   617
       Punch             |       |     1 |     2 |     4 |     9 ||    16
 Cast: Shock             |    84 |   122 |   118 |   124 |    56 ||   504
       Static Discharge  |     3 |    23 |    44 |    51 |    90 ||   211
       Swiftness         |       |     1 |     1 |     1 |       ||     3
       Summon Lightning  |       |     1 |    10 |    23 |    91 ||   125
       Airstrike         |       |       |    29 |   195 |   214 ||   438
       Blink             |       |       |       |       |     1 ||     1
Evoke: Wand              |       |       |       |     1 |     2 ||     3
       Piece from Xom's  |       |       |       |     1 |       ||     1
       Condenser vane    |       |       |       |       |     1 ||     1
  Use: Scroll            |     4 |     6 |     6 |    12 |     1 ||    29
 Stab: Paralysed         |       |     1 |     6 |    22 |    17 ||    46
       Distracted        |       |       |     1 |     1 |     2 ||     4
       Sleeping          |       |       |     1 |       |       ||     1
       Petrified         |       |       |       |       |    13 ||    13
Armor: Robe              |     8 |    26 |    13 |       |       ||    47
       Steam dragon scal |       |       |     6 |    71 |       ||    77
       Troll leather arm |       |       |       |    13 |    91 ||   104
Dodge: Dodged            |    26 |    42 |   109 |   335 |   427 ||   939

Table legend: (Time is in decaauts)
 A = Elapsed time spent in this place.
 B = Non-inter-level travel time spent in this place.
 C = Inter-level travel time spent in this place.
 D = Time resting spent in this place.
 E = Time spent auto-exploring this place.
 F = Levels seen in this place.
 G = Mean time per level.
                   A        B        C        D        E       F      G
               +--------+--------+--------+--------+--------+-----+--------+
         Total |  27799 |  26383 |   1416 |   8803 |  11901 |  23 | 1208.7 |
       Dungeon |  20210 |  19261 |    949 |   7499 |   8148 |  14 | 1443.6 |
          Lair |   5964 |   5552 |    412 |   1006 |   3023 |   5 | 1192.8 |
  Orcish Mines |    771 |    717 |     54 |     57 |    461 |   2 |  385.5 |
      Ice Cave |    841 |    841 |      0 |    241 |    268 |   1 |  841.0 |
       Volcano |     11 |     11 |      0 |      0 |      0 |   1 |   11.0 |
               +--------+--------+--------+--------+--------+-----+--------+

Top non-repeatable levels by time:
     D:8: 2312 daAuts
  Lair:5: 1848 daAuts
    D:12: 1808 daAuts
     D:7: 1726 daAuts
     D:5: 1669 daAuts
     D:3: 1500 daAuts
    D:10: 1474 daAuts
     D:2: 1406 daAuts
    D:13: 1351 daAuts
    D:14: 1300 daAuts
     D:6: 1288 daAuts
     D:4: 1155 daAuts
    D:11: 1143 daAuts
     D:1: 1129 daAuts
  Lair:4: 1104 daAuts
